 Dungeon Crawl Stone Soup version 0.20.0-15-g7f486f2 (webtiles) character file.

67 NoAnimeNoLife the Cudgeler (level 4, 0/28 HPs)
             Began as a Gargoyle Fighter on June 18, 2017.
             Slain by Glitchraptor's ghost (2 damage)
             ... on level 3 of the Dungeon.
             The game lasted 00:01:44 (1550 turns).

NoAnimeNoLife the Cudgeler (Gargoyle Fighter)       Turns: 1550, Time: 00:01:44

Health: 0/28       AC: 10    Str: 17 (20) XL:     4   Next: 16%
Magic:  0/4        EV:  7    Int: 11 (13) God:
Gold:   167        SH:  8    Dex:  9 (10) Spells: 3/3 levels left

rFire    + . .     SeeInvis +   a - +0 flail
rCold    . . .     Gourm    .   c - +0 shield
rNeg     + . .     Faith    .   b - +0 scale mail
rPois    ∞         Spirit   +   (no helmet)
rElec    +         Reflect  .   (no cloak)
rCorr    .         Harm     .   (no gloves)
MR       .....                  (no boots)
Stlth    ..........             t - amulet of guardian spirit
Regen    0.1/turn               m - ring of see invisible
MPRegen  0.1/turn               o - ring of protection from fire

@: brilliant, flying
A: negative energy resistance 1, electricity resistance, unbreathing,
petrification resistance, rot immunity, AC +3
a: no special abilities


You were on level 3 of the Dungeon.
You were very hungry.

You visited 1 branch of the dungeon, and saw 3 of its levels.

You collected 167 gold pieces.

Inventory:

Hand Weapons
 a - a +0 flail (weapon)
Armour
 b - a +0 scale mail (worn)
 c - a +0 shield (worn)
Jewellery
 m - a ring of see invisible (left hand)
 o - a ring of protection from fire (right hand)
 t - an amulet of guardian spirit (around neck)
Scrolls
 i - a scroll of remove curse {unknown}
 j - 2 scrolls of teleportation {unknown}
 l - a scroll of random uselessness {unknown}
 p - a scroll of blinking {unknown}
 r - a scroll of amnesia {unknown}
 s - 2 scrolls of identify {unknown}
Potions
 d - a potion of might
Comestibles
 f - 2 bread rations
 h - a royal jelly
 n - 2 meat rations


   Skills:
 - Level 3.2 Fighting
 + Level 4.3 Maces & Flails
 - Level 3.2 Armour
 - Level 3.2 Shields


You had 3 spell levels left.
You didn't know any spells.

Dungeon Overview and Level Annotations

Branches:
Dungeon (3/15)

Altars:

Annotations:
D:3 Glitchraptor's ghost, amateur HOMo


Innate Abilities, Weirdness & Mutations

You are resistant to torment.
Your stone body is resilient. (AC +3)
You are immune to poison.
You resist negative energy. (rN+)
You are resistant to electric shocks. (rElec)
You can survive without breathing.
You are immune to petrification.
You are immune to rotting.


Message History

You sock Glitchraptor's ghost!
Glitchraptor's ghost is heavily damaged.
Glitchraptor's ghost hits you.
* * * LOW HITPOINT WARNING * * *
You closely miss Glitchraptor's ghost.
Glitchraptor's ghost is heavily damaged.
Glitchraptor's ghost hits you but does no damage.
Glitchraptor's ghost hits you.
* * * LOW HITPOINT WARNING * * *
Your shield and scale mail prevent you from hitting Glitchraptor's ghost.
Glitchraptor's ghost is heavily damaged.
Glitchraptor's ghost hits you.
* * * LOW HITPOINT WARNING * * *
You hit Glitchraptor's ghost but do no damage.
Glitchraptor's ghost is heavily damaged.
Glitchraptor's ghost hits you but does no damage.
You hit Glitchraptor's ghost.
Glitchraptor's ghost is severely damaged.
Glitchraptor's ghost hits you.
You die...

###
#..
#.#
#.#
#.#
#W#
#@####
#....#
####.#
#.#
#<#
###


You could see Glitchraptor's ghost.

Vanquished Creatures
  An adder (D:2)
  2 oozes
  2 worms (D:2)
  A dart slug (D:1)
  A leopard gecko (D:2)
  2 ball pythons (D:1)
  6 bats
  A giant cockroach (D:1)
  3 goblins
  3 hobgoblins (D:1)
  4 jackals (D:1)
  5 kobolds
  4 frilled lizards
  3 rats (D:1)
38 creatures vanquished.

Notes
Turn   | Place    | Note
-------+----------+-------------------------------------------
     0 | D:1      | NoAnimeNoLife the Gargoyle Fighter began the quest for the Orb.
     0 | D:1      | Reached XP level 1. HP: 14/14 MP: 1/1
    66 | D:1      | Reached XP level 2. HP: 18/19 MP: 2/2
   106 | D:1      | Reached skill level 3 in Maces & Flails
   151 | D:1      | Reached XP level 3. HP: 21/23 MP: 3/3
  1221 | D:2      | Reached skill level 4 in Maces & Flails
  1285 | D:2      | Reached XP level 4. HP: 25/28 MP: 4/4
  1528 | D:3      | Noticed Glitchraptor's ghost (amateur HOMo)
  1550 | D:3      | Slain by Glitchraptor's ghost

Skill      XL: |  1  2  3 |
---------------+----------+-----
Maces & Flails | 3 4 |  4.3
Fighting       | |  3.2
Armour         | |  3.2
Shields        | |  3.2

Action                   |  1- 3 |  4- 6 || total
-------------------------+-------+-------++-------
Melee: Flail             |   108 |    18 ||   126
  Use: Potion            |       |     5 ||     5
  Eat: Chunk             |     1 |       ||     1
Armor: Scale mail        |    52 |     6 ||    58
Dodge: Dodged            |    37 |     5 ||    42
Block: Shield            |    65 |     7 ||    72
